 Dungeon Crawl Stone Soup version 0.20.1-1-g8b1a95d (console) character file.

149 hilaritas the Chiller (level 5, -1/22 HPs)
             Began as a Felid Ice Elementalist on Jan 20, 2018.
             Slain by a gnoll
             ... wielding a +0 spear
              (2 damage)
             ... on level 2 of the Dungeon.
             The game lasted 00:09:33 (3126 turns).

hilaritas the Chiller (Felid Ice Elementalist)      Turns: 3126, Time: 00:09:33

Health: -1/22      AC:  7    Str:  4    XL:     5   Next: 9%
Magic:  3/11       EV: 18    Int: 17    God:
Gold:   45         SH:  3    Dex: 17    Spells: 2/10 levels left
                                        Lives:  0   Deaths: 1

rFire    . . .     SeeInvis +   (weapon unavailable)
rCold    . . .     Gourm    .   (shield unavailable)
rNeg     . . .     Faith    .   (armour unavailable)
rPois    .         Spirit   .   (helmet unavailable)
rElec    .         Reflect  +   (cloak unavailable)
rCorr    .         Harm     .   (gloves unavailable)
MR       .....                  (boots unavailable)
Stlth    +++.......             d - +3 amulet of reflection
Regen    0.1/turn               (no ring)
MPRegen  0.2/turn               (no ring)

@: icy armour, very slightly contaminated, quick
A: no armour, no weapons or thrown items, stealth, claws 1, fangs 3, see
invisible, carnivore 3, speed 1, shaggy fur 1, slow metabolism 1, sharp paws
a: no special abilities


You were on level 2 of the Dungeon.
You were completely stuffed.

You visited 1 branch of the dungeon, and saw 2 of its levels.

You collected 45 gold pieces.

Inventory:

Jewellery
 d - a +3 amulet of reflection (around neck)
Potions
 c - a potion of cancellation
 e - a potion of curing {unknown}
 f - a potion of berserk rage
Books
 a - a book of Frost

   Spells                             Type                      Level
   a - Freeze                         Ice                          1
   b - Throw Frost                    Conjuration/Ice              2
   c - Ozocubu's Armour               Charms/Ice                   3
   d - Throw Icicle                   Conjuration/Ice              4
   e - Summon Ice Beast               Ice/Summoning                4
Comestibles
 b - 2 meat rations


   Skills:
 - Level 1.8 Fighting
 - Level 2.6 Dodging
 - Level 3.0 Stealth
 - Level 3.4 Spellcasting
   Level 0.8 Conjurations
 - Level 2.1 Charms
 + Level 4.2 Ice Magic


You had 2 spell levels left.
You knew the following spells:

 Your Spells              Type           Power        Failure   Level  Hunger
a - Freeze                Ice            ###.         3%          1    None
b - Ozocubu's Armour      Chrm/Ice       ##......     14%         3    ###....
c - Summon Ice Beast      Ice/Summ       ##......     56%         4    ####...


Dungeon Overview and Level Annotations

Branches:
Dungeon (2/15)

Altars:


Innate Abilities, Weirdness & Mutations

You cannot wear armour.
You are incapable of wielding weapons or throwing items.
Your paws allow you to move quietly. (Stealth)
You have sharp claws.
You have razor-sharp teeth.
You have supernaturally acute eyesight. (SInv)
You are carnivorous and can eat meat at any time.
You cover ground quickly.
You are covered in fur. (AC +1)
You have a slow metabolism.
Your sharp claws are effective at attacking unaware monsters.


Message History

The gnoll barely misses you. The gnoll hits you but does no damage.
You see here an enchanted halberd.
Casting: Freeze
Confirm with . or Enter, or press ? or * to list all spells.
Aiming: Freeze
Press: ? - help, Shift-Dir - straight line, f - gnoll
Aim: a gnoll, wielding a spear You freeze the gnoll.
The gnoll is moderately wounded.
The gnoll misses you. x2
Casting: Freeze
Confirm with . or Enter, or press ? or * to list all spells.
Aiming: Freeze
Press: ? - help, Shift-Dir - straight line, f/p - gnoll
Aim: a gnoll, wielding a spear (moderately wounded)
You freeze the gnoll.
The gnoll is severely wounded.
The gnoll barely misses you.
The gnoll hits you from afar with a spear.
You die...

..###.#.###.......##........#
....#.#........#####........#
...............# ##########
###.#.#######..#
....#.#........#
#####.#.######.# ......#
#......### ####### #........#
#.....####.# #####. #.# # #@#
#g# #g# .S# ###


You could see 2 gnolls and an adder.

Vanquished Creatures
  Jessica (D:2)
  Natasha (thrice) (D:2)
  3 gnolls (D:2)
  4 adders (D:2)
  3 dart slugs
  3 leopard geckos
  8 hobgoblins
  6 jackals
  9 kobolds
  A ball python (D:2)
  4 bats
  5 frilled lizards
  6 goblins
  5 rats (D:1)
61 creatures vanquished.

Notes
Turn   | Place    | Note
-------+----------+-------------------------------------------
     0 | D:1      | hilaritas the Felid Ice Elementalist began the quest for the Orb.
     0 | D:1      | Reached XP level 1. HP: 7/7 MP: 4/4
   258 | D:1      | Reached skill level 3 in Ice Magic
   422 | D:1      | Reached XP level 2. HP: 11/11 MP: 3/6
  1099 | D:1      | Reached XP level 3. HP: 15/15 MP: 5/7
  1104 | D:1      | Learned a level 3 spell: Ozocubu's Armour
  1675 | D:2      | Noticed Jessica
  1681 | D:2      | Killed Jessica
  1681 | D:2      | Reached skill level 1 in Fighting
  1752 | D:2      | Reached skill level 1 in Charms
  1752 | D:2      | Reached XP level 4. HP: 14/19 MP: 3/8
  1858 | D:2      | Noticed Natasha
  1866 | D:2      | Killed Natasha
  2321 | D:2      | Learned a level 4 spell: Summon Ice Beast
  2459 | D:2      | Noticed Natasha
  2483 | D:2      | Killed Natasha
  2483 | D:2      | Reached XP level 5. HP: 7/22 MP: 4/10
  2533 | D:2      | HP: 2/22 [poisoned by an adder]
  2540 | D:2      | HP: 1/22 [poisoned by an adder]
  2545 | D:2      | Succumbed to an adder's poison
  2546 | D:2      | Reached XP level 4. HP: 0/19 MP: 8/9
  2625 | D:2      | Noticed Natasha
  2632 | D:2      | Killed Natasha
  2632 | D:2      | Reached skill level 4 in Ice Magic
  3049 | D:2      | Reached XP level 5. HP: 22/22 MP: 9/11
  3122 | D:2      | HP: 1/22 [gnoll/enchanted halberd (5)]
  3126 | D:2      | Slain by a gnoll

Skill      XL: |  1  2  3  4 |
---------------+-------------+-----
Ice Magic      | 3 4 |  4.2
Stealth        | 3 |  3.0
Fighting       | 1 |  1.8
Charms         | 1 2 |  2.1
Spellcasting   | 3 |  3.4
Dodging        | |  2.6
Conjurations   | |  0.8

Action                   |  1- 3 |  4- 6 || total
-------------------------+-------+-------++-------
Melee: Unarmed           |    22 |     8 ||    30
       Bite              |     1 |       ||     1
 Cast: Freeze            |    48 |    52 ||   100
       Ozocubu's Armour  |       |     1 ||     1
  Use: Scroll            |     5 |     1 ||     6
       Potion            |       |     1 ||     1
 Stab: Sleeping          |     5 |     2 ||     7
       Distracted        |       |     1 ||     1
  Eat: Chunk             |     9 |     8 ||    17
Armor: Skin              |       |     2 ||     2
Dodge: Dodged            |    51 |    37 ||    88
Block: Other             |     7 |     3 ||    10
       Reflection        |     2 |       ||     2
